 Dungeon Crawl Stone Soup version 0.23.2 (webtiles) character file.

Game seed: 14677947077059295804

14110 Borgoz the Slicer (level 12, -2/91 HPs)
             Began as a Ghoul Fighter on Apr 5, 2019.
             Was an Initiate of Ashenzari.
             Slain by Joseph
             ... wielding a +4 quarterstaff of speed
              (19 damage)
             ... on level 10 of the Dungeon.
             The game lasted 00:26:02 (11442 turns).

Borgoz the Slicer (Ghoul Fighter)                  Turns: 11442, Time: 00:26:03

Health: -2/91      AC:  0    Str: 25    XL:     12   Next: 13%
Magic:  18/18      EV: 15    Int:  5    God:    Ashenzari [......]
Gold:   556        SH:  0    Dex: 10    Spells: 13/20 levels left

rFire    + . .     SeeInvis .   a - +3 dagger (venom)
rCold    + . .     Gourm    .   (no shield)
rNeg     + + +     Faith    .   o - +0 ring mail
rPois    ∞         Spirit   .   v - +1 hat
rElec    .         Reflect  .   x - scarf {repulsion}
rCorr    .         Harm     .   (no gloves)
MR       .....                  (no boots)
Stlth    ++........             L - amulet of regeneration
HPRegen  0.00/turn              E - +4 ring of strength
MPRegen  0.16/turn              D - ring of protection from fire

@: corroded, rotting, repel missiles
A: rotting body, claws 1, carnivore, cold resistance 1, negative energy
resistance 3, inhibited regeneration, torment resistance, unbreathing
a: Curse Item, Renounce Religion


You were on level 10 of the Dungeon.
You worshipped Ashenzari.
Ashenzari was noncommittal.
You were not hungry.

You visited 2 branches of the dungeon, and saw 11 of its levels.
You also visited: Sewer.

You collected 556 gold pieces.

Inventory:

Hand Weapons
 a - a +3 dagger of venom (weapon)
 r - a +0 dagger of flaming
 s - a +0 rapier
 u - a +0 hand crossbow
Missiles
 t - 62 bolts
Armour
 c - a +0 shield
 o - a +0 ring mail (worn)
 v - a +1 hat (worn)
 x - a scarf of repulsion (worn)
Jewellery
 e - a +1 ring of evasion
 z - an uncursed ring of resist corrosion
 A - an uncursed ring of flight
 D - a ring of protection from fire (right claw)
 E - a +4 ring of strength (left claw)
 L - an amulet of regeneration (around neck)
Wands
 l - a wand of polymorph (2)
 p - a wand of acid (10)
 B - a wand of disintegration (8)
Scrolls
 g - 3 scrolls of amnesia
 h - 5 scrolls of remove curse
 i - a scroll of magic mapping {unknown}
 m - 5 scrolls of teleportation
 n - 5 scrolls of blinking
 y - a scroll of fog {unknown}
 C - 2 scrolls of enchant weapon
 F - a scroll of fear {unknown}
 H - a scroll of vulnerability {unknown}
 J - a scroll of silence {unknown}
 K - a scroll of enchant armour {unknown}
 M - a scroll of holy word {unknown}
Potions
 b - 2 potions of haste
 d - 2 potions of might
 j - a potion of flight
 k - 4 potions of curing
 w - 2 potions of agility
 G - a potion of brilliance
Comestibles
 f - 30 rations
 q - 12 chunks of flesh


   Skills:
 + Level 4.1 Fighting
 * Level 9.1 Short Blades
 * Level 7.7 Armour
 * Level 8.8 Dodging
 - Level 5.0 Stealth
 - Level 2.6 Shields
 + Level 4.6 Spellcasting
 - Level 2.2 Conjurations
 + Level 4.7 Hexes
 - Level 2.2 Air Magic
 + Level 1.7 Evocations


You had 13 spell levels left.
You knew the following spells:

 Your Spells              Type           Power        Failure   Level  Hunger
a - Confusing Touch       Hex            #.....       7%          1    ##.....
b - Confuse               Hex            #.......     21%         3    ####...
c - Mephitic Cloud        Conj/Pois/Air  #.......     61%         3    ####...

Your spell library contained the following spells:

 Spells                   Type           Power        Failure   Level  Hunger
 Sting                    Conj/Pois      #...         30%         1    ##.....
 Animate Skeleton         Necr           N/A          43%         1    ##.....
 Apportation              Tloc           #.....       43%         1    ##.....
 Infusion                 Chrm           #...         43%         1    ##.....
 Summon Small Mammal      Summ           #...         43%         1    ##.....
 Poisonous Vapours        Pois/Air       #.....       43%         2    ###....
 Spectral Weapon          Hex/Chrm       #.......     50%         3    ####...
 Shroud of Golubria       Chrm/Tloc      #.........   58%         2    ###....
 Song of Slaying          Chrm           #.......     58%         2    ###....
 Gell's Gravitas          Tloc           #.........   82%         3    ####...
 Regeneration             Chrm/Necr      #.........   82%         3    ####...
 Olgreb's Toxic Radiance  Pois           #.......     99%         4    #####..
 Petrify                  Tmut/Erth      #.......     99%         4    #####..
 Metabolic Englaciation   Hex/Ice        #.........   99%         5    ######.
 Yara's Violent Unravell  Hex/Tmut       #.........   99%         5    ######.
 Irradiate                Conj/Tmut      #.........   100%        5    ######.
 Venom Bolt               Conj/Pois      #.........   100%        5    ######.
 Hydra Form               Tmut           Unusable     N/A         6    N/A
 Statue Form              Tmut/Erth      Unusable     N/A         6    N/A
 Dragon Form              Tmut           Unusable     N/A         7    N/A

Dungeon Overview and Level Annotations

Branches:
Dungeon (10/15)            Temple (1/1) D:6            Lair (0/6) D:10
    Orc: D:9-12

Altars:
Ashenzari
Cheibriados
Dithmenos
Elyvilon
Fedhas
Gozag
Hepliaklqana
Kikubaaqudgha
Makhleb
Nemelex Xobeh
Okawaru
Qazlal
Ru
Sif Muna
Trog
Uskayaw
Vehumet
Wu Jian
Xom
Yredelemnul
Zin
The Shining One

Shops:
D:9 (

Annotations:
D:10 Joseph


Innate Abilities, Weirdness & Mutations

Your body is rotting away.
You thrive on raw meat.
You are immune to poison.
You have sharp fingernails.
You are carnivorous and can eat meat at any time.
Your flesh is cold resistant. (rC+)
You are immune to negative energy. (rN+++)
You do not regenerate when monsters are visible.
You are immune to unholy pain and torment.
You can survive without breathing.


Message History

You feel better.
Joseph hits you with a +4 quarterstaff of speed.
* * * LOW HITPOINT WARNING * * *
You feel better.
Joseph hits you with a +4 quarterstaff of speed!
* * * LOW HITPOINT WARNING * * *
You feel better. Joseph misses you.
You feel better.
Joseph hits you with a +4 quarterstaff of speed!
* * * LOW HITPOINT WARNING * * *
Okay, then.
Evoke which item? (* to show all) (? for menu, Esc to quit)
Aiming: Corrosive Bolt
Press: ? - help, Shift-Dir - straight line, f - Joseph
Aim: Joseph, wielding a +4 quarterstaff of speed and wearing a +0 leather armour (heavily wounded, poisoned)
The bolt of acid hits Joseph!
Joseph is splashed with acid.
The acid corrodes Joseph!
Joseph is severely wounded.
Joseph hits you with a +4 quarterstaff of speed!!
You die...

..# #.(...# ...#
#.....# ....≈ #.....#
####. ##'#### #.# #(#
######### ###(####
#.......#### #(.)...#
#.(.....@@.###......#
#.......##..##......#
#.......###.##......#
#.......# #..'......#
#.......#
####......##
#.......# #......'.
#.......# #..>.>.##
#.......# #......#
######### ########


You could see Joseph.

Vanquished Creatures
  2 two-headed ogres
  A hippogriff (D:8)
  Sigmund (D:6)
  3 yaks (D:7)
  A wyvern (D:10)
  Edmund (D:6)
  A water moccasin (D:7)
  An ice beast (D:8)
  A phantom (D:7)
  3 black bears
  3 orc warriors
  A necrophage (D:8)
  6 sky beasts
  5 ogres
  3 centaurs
  4 big kobolds
  A gnoll sergeant (D:10)
  6 bullfrogs
  3 scorpions
  A water moccasin skeleton (D:7)
  4 wights (D:9)
  6 killer bees
  3 howler monkeys (D:7)
  2 crimson imps
  6 hounds
  7 jellies
  4 orc wizards
  A bullfrog skeleton (D:8)
  4 orc priests
  3 centaur skeletons
  4 iguanas
  Natasha (thrice) (D:3)
  8 worker ants
  A hound skeleton (D:9)
  2 worker ant zombies
  7 gnolls
  15 adders
  2 river rats (Sewer)
  3 shadow imps
  3 oozes
  An adder skeleton (D:5)
  An adder zombie (D:9)
  A worm (D:6)
  4 dart slugs
  5 leopard geckos
  19 orcs
  5 giant cockroaches
  3 hobgoblins
  23 jackals
  7 quokkas
  7 ball pythons
  7 bats
  5 frilled lizards
  A giant cockroach zombie (D:6)
  2 goblins (D:1)
  21 kobolds
  A leopard gecko zombie (D:6)
  2 quokka skeletons
  27 rats
278 creatures vanquished.

Notes
Turn   | Place    | Note
-------+----------+-------------------------------------------
     0 | D:1      | Borgoz the Ghoul Fighter began the quest for the Orb.
     0 | D:1      | Reached XP level 1. HP: 19/19 MP: 0/0
    26 | D:1      | Reached skill level 2 in Short Blades
   172 | D:1      | Reached XP level 2. HP: 26/26 MP: 1/1
   211 | D:1      | Reached skill level 1 in Dodging
   604 | D:1      | Reached XP level 3. HP: 26/31 MP: 2/2
   605 | D:1      | Reached skill level 1 in Stealth
   952 | D:1      | Learned a level 1 spell: Confusing Touch
  1420 | D:2      | Reached XP level 4. HP: 31/37 MP: 3/3
  1666 | D:3      | Noticed Natasha
  1676 | D:3      | Killed Natasha
  1941 | D:3      | Reached XP level 5. HP: 30/45 MP: 4/4
  1970 | D:3      | Reached skill level 3 in Short Blades
  2039 | D:3      | Noticed Natasha
  2049 | D:3      | Killed Natasha
  2049 | D:3      | Reached skill level 1 in Hexes
  2098 | D:3      | Noticed Natasha
  2106 | D:3      | Killed Natasha
  2106 | D:3      | Reached skill level 1 in Spellcasting
  2106 | D:3      | Reached XP level 6. HP: 21/51 MP: 6/6
  2263 | D:3      | Found a glowing drain.
  2293 | Sewer    | Entered a sewer
  2647 | Sewer    | Reached XP level 7. HP: 51/57 MP: 8/8
  3802 | D:4      | Reached skill level 4 in Short Blades
  4143 | D:4      | Found a deep blue altar of Sif Muna.
  4307 | D:4      | Found a radiant altar of Vehumet.
  4471 | D:5      | Entered Level 5 of the Dungeon
  4496 | D:5      | Learned a level 3 spell: Confuse
  4597 | D:5      | Reached XP level 8. HP: 57/63 MP: 8/10
  4852 | D:5      | Found a sparkling altar of Nemelex Xobeh.
  5171 | D:6      | Found a staircase to the Ecumenical Temple.
  5180 | Temple   | Entered the Ecumenical Temple
  5357 | D:6      | Noticed Edmund
  5377 | D:6      | Killed Edmund
  5377 | D:6      | Reached skill level 5 in Short Blades
  5424 | D:6      | Found a shimmering altar of Xom.
  5439 | D:6      | Noticed Sigmund
  5454 | D:6      | Killed Sigmund
  5599 | D:6      | You fall through a shaft for 3 floors!
  5608 | D:9      | Reached XP level 9. HP: 53/70 MP: 12/12
  5634 | D:9      | Reached skill level 5 in Dodging
  5656 | D:9      | Noticed a two-headed ogre
  5663 | D:9      | Killed a two-headed ogre
  5663 | D:9      | Reached skill level 6 in Short Blades
  5663 | D:9      | Reached skill level 5 in Stealth
  5673 | D:9      | Found Borihei's Weapon Shop.
  6077 | D:9      | Reached skill level 5 in Armour
  6377 | D:7      | Reached XP level 10. HP: 47/77 MP: 14/14
  6434 | D:7      | Found a white marble altar of Elyvilon.
  6687 | D:7      | Reached skill level 7 in Short Blades
  7161 | D:6      | Found a shattered altar of Ashenzari.
  7194 | D:6      | Found an ancient bone altar of Kikubaaqudgha.
  7208 | D:6      | Became a worshipper of Ashenzari the Shackled
  7496 | D:6      | Found a glowing silver altar of Zin.
  7503 | D:6      | Found a sacrificial altar of Ru.
  9492 | D:8      | Found a stormy altar of Qazlal.
  9493 | D:8      | Found a glowing golden altar of the Shining One.
 10220 | D:9      | Found an ornate altar of the Wu Jian Council.
 10432 | D:10     | Entered Level 10 of the Dungeon
 10716 | D:10     | Learned a level 3 spell: Mephitic Cloud
 10771 | D:10     | Reached skill level 1 in Evocations
 10791 | D:10     | Found a staircase to the Lair.
 10956 | D:10     | Noticed a two-headed ogre
 10992 | D:10     | Killed a two-headed ogre
 10992 | D:10     | Reached skill level 8 in Short Blades
 10992 | D:10     | Reached XP level 11. HP: 32/84 MP: 16/16
 11231 | D:10     | Reached skill level 9 in Short Blades
 11231 | D:10     | Reached XP level 12. HP: 90/90 MP: 17/17
 11409 | D:10     | Noticed Joseph
 11442 | D:10     | Slain by Joseph

Skill      XL: |  1  2  3  4  5  6  7  8  9 10 11 |
---------------+----------------------------------+-----
Short Blades   | 2 3 4 5 6 8 9 |  9.1
Dodging        | 1 2 3 4 6 7 8 |  8.8
Stealth        | 1 2 3 4 5 |  5.0
Armour         | 3 4 5 6 7 |  7.7
Hexes          | 1 2 3 4 |  4.7
Spellcasting   | 1 2 3 4 |  4.6
Evocations     | 1 |  1.7
Fighting       | 4 |  4.1
Conjurations   | 2 |  2.2
Air Magic      | 2 |  2.2
Shields        | |  2.6

Action                   |  1- 3 |  4- 6 |  7- 9 | 10-12 || total
-------------------------+-------+-------+-------+-------++-------
Melee: Rapier            |   113 |       |       |       ||   113
       Dagger            |    14 |   233 |   377 |   618 ||  1242
Evoke: Wand              |       |       |       |     2 ||     2
  Use: Scroll            |       |       |    10 |     6 ||    16
       Potion            |       |       |     5 |    13 ||    18
 Stab: Sleeping          |       |       |     5 |     8 ||    13
       Distracted        |       |       |     1 |       ||     1
  Eat: Chunk             |     2 |    22 |    12 |    42 ||    78
       Ration            |       |       |       |     1 ||     1
Armor: Scale mail        |    63 |    92 |     6 |       ||   161
       Ring mail         |       |       |    75 |   103 ||   178
Dodge: Dodged            |    72 |   143 |   184 |   332 ||   731
